 Dungeon Crawl Stone Soup version 0.18-b1-14-g029dad2 (webtiles) character file.

79 Wooh the Shooter (level 4, 0/30 HPs)
             Began as a High Elf Hunter on Apr 30, 2016.
             Slain by Natasha (5 damage)
             ... on level 2 of the Dungeon.
             The game lasted 00:04:31 (1695 turns).

Wooh the Shooter (High Elf Hunter)                  Turns: 1695, Time: 00:04:31

Health: 0/30       AC:  3    Str: 11    XL:     4   Next: 17%
Magic:  5/5        EV: 13    Int: 14    God:
Gold:   32         SH:  0    Dex: 17    Spells: 0 memorised, 3 levels left

rFire  . . .     SeeInvis .     a - +1 shortbow
rCold  . . .     Gourm    .     c - +0 leather armour
rNeg   . . .     Faith    .     (shield currently unavailable)
rPois  .         Spirit   .     (no helmet)
rElec  .         Dismiss  .     (no cloak)
rCorr  .         Reflect  .     (no gloves)
SustAt .         Harm     .     (no boots)
MR     .....                    (no amulet)
Stlth  ++........               (no ring)
                                (no ring)

@: not resistant to hostile enchantments, unstealthy
A: no striking features
a: no special abilities


You were on level 2 of the Dungeon.
You were hungry.

You visited 1 branch of the dungeon, and saw 2 of its levels.

You collected 32 gold pieces.

Inventory:

Hand Weapons
 a - a +1 shortbow (weapon)
 b - a +0 short sword
Missiles
 d - 23 arrows (quivered)
 p - a throwing net
Armour
 c - a +0 leather armour (worn)
Scrolls
 g - 2 scrolls of remove curse {unknown}
 i - a scroll of amnesia {unknown}
 j - a scroll of blinking {unknown}
 l - 2 scrolls of identify {unknown}
Potions
 e - a potion of brilliance {unknown}
 h - 2 potions of curing {unknown}
 m - 2 potions of heal wounds {unknown}
 o - 2 potions of degeneration {unknown}
Comestibles
 f - a bread ration
 k - 3 fruits


   Skills:
 + Level 2.6 Fighting
 * Level 6.8 Bows
 + Level 2.8 Dodging
 - Level 1.1 Stealth


You had 3 spell levels left.
You didn't know any spells.

Dungeon Overview and Level Annotations

Branches:
Dungeon (2/15)

Altars:

Annotations:
D:2 Natasha


Message History

Firing (i - inventory. (,) - cycle):
d - 27 arrows (quivered)
Press: ? - help, Shift-Dir - straight line, f/p - Natasha
Aim: Natasha (moderately wounded)
You shoot an arrow. The arrow closely misses Natasha.
Natasha barely misses you.
Firing (i - inventory. (,) - cycle):
d - 26 arrows (quivered)
Press: ? - help, Shift-Dir - straight line, f/p - Natasha
Aim: Natasha (moderately wounded)
You shoot an arrow. The arrow hits Natasha.
Natasha is severely wounded.
Natasha closely misses you.
Firing (i - inventory. (,) - cycle):
d - 25 arrows (quivered)
Press: ? - help, Shift-Dir - straight line, f/p - Natasha
Aim: Natasha (severely wounded)
You shoot an arrow. The arrow closely misses Natasha.
Natasha misses you.
Firing (i - inventory. (,) - cycle):
d - 24 arrows (quivered)
Press: ? - help, Shift-Dir - straight line, f/p - Natasha
Aim: Natasha (severely wounded)
You shoot an arrow. The arrow misses Natasha.
Natasha claws you.
You die...

#.##.# #.# #.......#
#.##.# #.# ##.######
#.##.# #.# ##'## #.##.#
#.# ##...## #.##.###.#
##.....## #.##.##..#
##..(....## #
#........####.........####
####.......('.........+...
#.....@h##.........####
####....###.......## #
###.## ##.....###### #.#
##...## #... #.# ##'##
#.## #.# #.# #.##
....#####.## #.##
#..........# #.##
.....#...####.##


You could see Natasha.

Vanquished Creatures
  Natasha (D:2)
  An adder (D:2)
  2 oozes (D:1)
  A worm (D:2)
  A dart slug (D:1)
  A giant gecko (D:1)
  2 giant cockroaches (D:2)
  4 goblins
  3 jackals (D:2)
  4 kobolds
  A quokka (D:2)
  A ball python (D:2)
  3 bats
  3 giant newts
  5 rats
33 creatures vanquished.

Notes
Turn   | Place    | Note
--------------------------------------------------------------
     0 | D:1      | Wooh the High Elf Hunter began the quest for the Orb.
     0 | D:1      | Reached XP level 1. HP: 14/14 MP: 2/2
   415 | D:1      | Reached XP level 2. HP: 19/19 MP: 3/3
   738 | D:2      | Reached skill level 6 in Bows
   759 | D:2      | Reached XP level 3. HP: 23/25 MP: 4/4
  1144 | D:2      | Found a faded altar to an unknown god.
  1296 | D:2      | Noticed Natasha
  1308 | D:2      | Killed Natasha
  1308 | D:2      | Reached XP level 4. HP: 27/30 MP: 5/5
  1678 | D:2      | Noticed Natasha
  1695 | D:2      | Slain by Natasha

Skill      XL: |  1  2 |
---------------+-------+-----
Bows           | 6 |  6.8
Fighting       | |  2.6
Dodging        | |  2.8
Stealth        | |  1.1

Action                   |  1- 3 |  4- 6 || total
-------------------------+-------+-------++-------
Melee: Short sword       |    99 |    26 ||   125
 Fire: Shortbow          |    21 |    10 ||    31
 Stab: Sleeping          |     1 |       ||     1
  Eat: Chunk             |     1 |     1 ||     2
Armor: Leather armour    |    27 |     2 ||    29
Dodge: Dodged            |    73 |    16 ||    89
